[Event "Marshall CC Premier 01-2025"]
[Site "New York"]
[Date "2025.01.04"]
[Round "2.1"]
[White "Chasin, Nico"]
[Black "Lyutsinger, Iren"]
[Result "0-1"]
[ECO "B91"]
[WhiteElo "2413"]
[BlackElo "2127"]
[Annotator "TA"]
[PlyCount "33"]
[EventDate "2025.01.03"]
[EventType "swiss"]
[EventCountry "USA"]
[SourceTitle "playchess.com"]
[Source "ChessBase"]
[SourceQuality "1"]
[TimeControl "5400+30"]

1. e4 c5 2. Nc3 a6 3. Nge2 d6 4. g3 Nf6 5. Bg2 g6 6. O-O Bg7 7. d4 cxd4 8. Nxd4 O-O 9. h3 Nc6 10. Be3 Nd7 11. f4 Qb6 12. Nce2 ({White should try} 12. e5 $1 $11) 12... Qxb2 $15 13. Nxc6 bxc6 14. Rb1 Qxa2 15. Nd4 Nb8 ({Better is} 15... Bxd4 $17 16. Qxd4 Qxc2) 16. Qd2 a5 17. Ra1 0-1

[Event "Marshall CC Premier 01-2025"]
[Site "New York"]
[Date "2025.01.04"]
[Round "2.2"]
[White "Espinosa, Pedro"]
[Black "Ling, Chenxuan"]
[Result "1-0"]
[ECO "D38"]
[WhiteElo "2220"]
[BlackElo "2081"]
[Annotator "TA"]
[PlyCount "85"]
[EventDate "2025.01.03"]
[EventType "swiss"]
[EventCountry "USA"]
[SourceTitle "playchess.com"]
[Source "ChessBase"]
[SourceQuality "1"]
[TimeControl "5400+30"]

1. d4 Nf6 2. c4 e6 3. Nf3 d5 4. Nc3 Bb4 5. cxd5 exd5 6. Bg5 h6 7. Bh4 O-O 8. e3 c5 9. dxc5 Nbd7 10. Rc1 g5 11. Bg3 Nxc5 12. Be2 Nce4 13. O-O Bxc3 14. bxc3 Be6 15. Be5 Nd7 16. Bd4 Rc8 17. Nd2 Nxd2 18. Qxd2 Nc5 19. Rfd1 Ne4 ({Better is} 19... Qe7 $14) 20. Qb2 $16 Nd6 {[%emt 0:05:23] Dodges c4} 21. c4 {[%emt 0:12:12] White is more active.} Nxc4 22. Qxb7 Qd7 23. Qxd7 (23. Qxa7 Qxa7 24. Bxa7 Ra8 $15) 23... Bxd7 24. Bxa7 {[%emt 0:00:31][%cal Oe2c4] This pair of bishops is nice.} Be6 25. Ra1 Ra8 26. Bd4 Ra4 27. Bd3 Rfa8 28. Rdb1 Kf8 29. Bc5+ Kg7 30. a3 Nxa3 {[%emt 0:04:43] [#]} (30... Rc8 $16 {is a better defense.} 31. Bd4+ Kg8) 31. Rb4 $1 $18 {[%emt 0:01:11] Rxa4 is the strong threat.} R4a5 32. Bb6 Nc4 $2 (32... Nc2 33. Rxa5 (33. Bxa5 Nxb4 34. Bf1 f6 $11) 33... Nxb4) 33. Bxa5 Rxa5 34. Rxa5 Nxa5 {[%emt 0:00:01][%mdl 4096] Endgame KRB-KBN} 35. Rb6 {[%emt 0:00:12] Repels Nc6} Nc4 36. Bxc4 dxc4 {[%emt 0:00:10] KR-KB} 37. Kf1 Kf6 38. Ke2 Ke5 39. Kd2 f6 (39... Kf6 $142 40. e4 Ke5) 40. Kc3 Bd5 41. f3 g4 (41... Bg8 $142 42. Rb5+ Kd6) 42. e4 Ba8 43. Kxc4 1-0

[Event "Marshall CC Premier 01-2025"]
[Site "New York"]
[Date "2025.01.04"]
[Round "2.3"]
[White "Zhu, Linxi"]
[Black "Sukhiashvili, Alexander"]
[Result "1-0"]
[ECO "B28"]
[WhiteElo "2125"]
[BlackElo "2019"]
[Annotator "TA"]
[PlyCount "95"]
[EventDate "2025.01.03"]
[EventType "swiss"]
[EventCountry "USA"]
[SourceTitle "playchess.com"]
[Source "ChessBase"]
[SourceQuality "1"]
[TimeControl "5400+30"]

1. e4 c5 2. Nf3 a6 3. c4 Nc6 4. d4 cxd4 5. Nxd4 Nf6 6. Nc3 e5 7. Nc2 Bc5 8. Be2 Nd4 9. O-O Nxe2+ (9... d6 $11 {remains equal.}) 10. Qxe2 $16 O-O {[%emt 0:00:16] White is better.} 11. Bg5 h6 12. Bh4 g5 13. Bg3 d6 14. Ne3 {[%emt 0:00:59] Repels Bg4} ({White should play} 14. h3 $14) 14... Be6 15. Rad1 {[%emt 0:02:46] aiming for Bxe5.} Qc7 16. Qf3 Kg7 {[%emt 0:17:34][%mdl 8192] [#] Loses the game.} (16... Qe7 $1 $11) 17. Qxf6+ $3 $18 Kxf6 18. Ncd5+ Bxd5 19. Nxd5+ Kg7 20. Nxc7 Rac8 21. Nd5 Rfd8 22. Ne7 Rb8 23. Nf5+ Kh7 24. Rd5 b5 25. cxb5 Rxb5 26. Bxe5 Re8 27. Bxd6 Bxd6 28. Nxd6 Rxd5 29. exd5 {[%emt 0:00:05][%mdl 4096] Endgame. KRN-KR} Rd8 30. Ne4 f5 31. Nc3 Kg7 32. Re1 Kf7 33. Re6 Rb8 34. b3 Rc8 35. Rc6 Re8 36. Kf1 (36. Rxh6 $2 Re1#) 36... h5 37. Rxa6 Rc8 38. Rc6 Rd8 39. b4 g4 40. b5 h4 41. b6 {[%emt 0:00:05] [#] Strongly threatening a4.} Rb8 42. a4 {[%emt 0:00:05][%cal Ba2a4,Ba4a5,Ba5a6,Ba6a7][%mdl 32] White mates.} f4 43. a5 g3 44. hxg3 hxg3 45. fxg3 fxg3 46. a6 Kg7 47. a7 Rf8+ 48. Ke1 {[%emt 0:00:05] Weighted Error Value: White=0.13 (very precise) /Black=0.55.  Loses game:     	---       	Black=1      Mistake:       	White=1     	Black=1      Inaccurate:     	White=1     	Black=1      OK:         	White=8     	Black=2      Brilliant:      	White=1     	---} 1-0

[Event "Marshall CC Premier 01-2025"]
[Site "New York"]
[Date "2025.01.04"]
[Round "2.4"]
[White "Luo, Wesley"]
[Black "Rohde, Michael"]
[Result "1/2-1/2"]
[ECO "B90"]
[WhiteElo "1992"]
[BlackElo "2269"]
[Annotator "TA"]
[PlyCount "99"]
[EventDate "2025.01.03"]
[EventType "swiss"]
[EventCountry "USA"]
[SourceTitle "playchess.com"]
[Source "ChessBase"]
[SourceQuality "1"]
[TimeControl "5400+30"]

1. e4 c5 2. Nf3 d6 3. d4 cxd4 4. Nxd4 Nf6 5. Nc3 a6 6. h3 g6 7. Be3 Bg7 8. g4 Nc6 9. Nb3 (9. Bg2 $14) 9... b5 10. f4 O-O 11. Bg2 Bd7 (11... Bb7 $15) 12. Qd2 b4 13. Ne2 Qc7 14. O-O Be6 (14... a5 $11) 15. Ned4 (15. c3 $16) 15... Nxd4 $11 16. Nxd4 Bc4 17. Rf2 Rab8 18. b3 Bb5 (18... e5 $11 {keeps the balance.}) 19. Re1 (19. Qxb4 Bf1 20. Qd2 Bxg2 21. Rxg2 e5 (21... Nxe4 22. Qd3 $17) 22. fxe5 dxe5 $17) (19. Rc1 $16) 19... Bd7 {[%emt 0:08:46] [#]} 20. e5 $1 Ne8 (20... dxe5 21. fxe5) 21. Nf3 Bc6 22. Bd4 dxe5 23. fxe5 Bd5 24. Ng5 (24. Qe3 $11 {might be stronger.}) 24... Bxg2 $15 25. Rxg2 Qc6 26. e6 (26. c4 $11) 26... f6 27. Ne4 (27. Nf7 $11) 27... Nc7 $17 28. Nc5 (28. Bc5 $142 Rfd8 (28... Qxe6 29. Nf2 $11) (28... Nxe6 29. Bxe7 Rf7 30. Qd6 $11) 29. Qf2) 28... Rfd8 29. Qf2 Rb5 30. Be3 Nd5 (30... Nxe6 31. Nxe6 Qxe6 32. Bc5 $17) ({Black should try} 30... f5 {White must now prevent ...Nd5.} 31. gxf5 Rf8) 31. Bd4 Bh6 $2 {[%emt 0:00:57] [#]} (31... Rd6 $17 32. a3 Nc7 (32... bxa3 33. c4 $15) 33. axb4 (33. a4 $2 Rxd4 34. Qxd4 Rxc5 $19) 33... Rxb4 (33... Nxe6 34. Nxe6 Rxe6 35. Rxe6 $14)) 32. g5 $1 $14 Bg7 (32... Bxg5 $2 33. Rxg5 Ra5 34. a4 $18) 33. Nd7 $1 f5 $2 (33... Qd6 $11 34. Rg4 (34. gxf6 exf6 35. Rg4 a5 $16) 34... Rc8) 34. Bxg7 $18 Kxg7 35. Qd4+ Kg8 36. a4 $1 Rb7 (36... bxa3 37. c4 Rxb3 38. cxd5 (38. Qxd5 Qc7 $16)) 37. Rd2 Rbxd7 (37... Nb6 38. Nf6+ (38. Qxb4 Re8 $18) 38... exf6 39. Qxd8+) 38. exd7 Rxd7 39. Qc4 ({White should try} 39. Qe5 $16 {Qe6+ is the strong threat.} Rd6 40. Red1 Qb6+ 41. Kh1) 39... Qd6 $14 40. Rd3 {[%emt 0:02:42] Against Qg3+. White is much more active.} e6 41. Qc8+ (41. Qd4 $14) 41... Kg7 $11 42. Re2 Rc7 43. Qb8 Qc5+ 44. Kf1 {[%emt 0:00:50][%cal Ob8d8] The board is on fire.} f4 $2 (44... Nf4 $2 45. Rd8 Kf7 46. Rg8 $18 (46. Rh8 Rc8 $18)) (44... Qd6 $1 $11 {and Black stays safe.}) 45. Rxd5 ({Not} 45. Rxe6 Ne3+ 46. Ke1 Ng2+ (46... Qxc2 47. Rd7+ Rxd7 48. Qe5+ Kg8 49. Re8+ Kf7 50. Qe6+ Kg7 51. Qxd7#) 47. Kf1 (47. Ke2 $2 Qxc2+ 48. Rd2 f3+ 49. Kxf3 Qf5+ 50. Kxg2 Qxg5+ 51. Kf1 Rc1+ 52. Re1 Qf5+ 53. Kg2 Rxe1 $19) 47... Ne3+ 48. Ke1 Ng2+ 49. Kf1 Ne3+ $11) 45... exd5 {[%emt 0:00:15] [#]} 46. Re8 $1 {[%emt 0:00:03] Intending Rg8+ and mate. Inhibits Qc3.} Re7 {[%emt 0:00:42] [#]} 47. Rh8 ({Only move:} 47. Rg8+ $1 $16 Kf7 48. Rf8+ Kg7 49. Rxf4 (49. Qxf4 Qc3 $11) (49. Rh8 Re1+ 50. Kxe1 Qg1+ 51. Ke2 Qe3+ 52. Kf1 Qf3+ 53. Ke1 Qe3+ 54. Kf1 Qxh3+ 55. Ke2 Qe3+ 56. Kd1 Qg1+ 57. Ke2 Qe3+ 58. Kd1 Qd4+ 59. Kc1 Qa1+ 60. Kd2 Qd4+ 61. Ke2 Qe3+ $11)) 47... Re1+ $1 48. Kxe1 Qe3+ 49. Kd1 Qg1+ 50. Kd2 1/2-1/2

[Event "Marshall CC Premier 01-2025"]
[Site "New York"]
[Date "2025.01.04"]
[Round "2.5"]
[White "Goodrich, Elliott"]
[Black "Bonin, Jay"]
[Result "0-1"]
[ECO "B32"]
[WhiteElo "1884"]
[BlackElo "2095"]
[Annotator "RC"]
[PlyCount "146"]
[EventDate "2025.01.03"]
[EventType "swiss"]
[EventCountry "USA"]
[SourceTitle "playchess.com"]
[Source "ChessBase"]
[SourceQuality "1"]
[TimeControl "5400+30"]

1. e4 c5 2. Nf3 Nc6 3. d4 cxd4 4. Nxd4 e5 5. Nb5 d6 6. N1c3 a6 7. Na3 Be6 8. Nd5 Nf6 9. Nxf6+ Qxf6 10. Nc4 Qg6 11. Nd2 d5 12. Bd3 Qxg2 13. Qf3 Qxf3 14. Nxf3 f6 15. c3 Bc5 16. Rg1 Kf7 17. Ke2 Rad8 18. b3 dxe4 19. Bxe4 Bd5 20. Nd2 g6 21. Bxd5+ Rxd5 22. Ne4 Be7 23. Bb2 Rhd8 24. c4 Nd4+ 25. Kf1 R5d7 26. Nc3 b5 27. Nd5 Nf3 28. Rg3 e4 29. Ke2 f5 30. Bc3 bxc4 31. bxc4 Rb7 32. Rc1 Bc5 33. h4 Rdb8 34. Rg2 Rb1 35. Kd1 Nxh4 36. Rh2 g5 37. Be5 Rxc1+ 38. Kxc1 Rb7 39. Bg3 Ba3+ 40. Kc2 Rb2+ 41. Kc3 e3 42. Nxe3 f4 43. Bxh4 fxe3 44. Bg3 exf2 45. Rxh7+ Kg6 46. Rh1 Re2 47. Kd3 Rxa2 48. Kd4 Bb4 49. c5 Rc2 50. c6 Rxc6 51. Bxf2 a5 52. Be3 a4 53. Kd5 Ra6 54. Kc4 Be7 55. Rg1 Bf6 56. Kb4 a3 57. Bxg5 Bxg5 58. Kb3 Kf5 59. Re1 Bf4 60. Re2 Bd6 61. Ka2 Ra5 62. Kb3 Re5 63. Rd2 Re3+ 64. Ka2 Ke6 65. Rg2 Kd5 66. Rd2+ Kc6 67. Kb1 Bc5 68. Ka2 Kb5 69. Rh2 Ka4 70. Rg2 Bb4 71. Rh2 Rd3 72. Rh4 Rd2+ 73. Kb1 Kb3 0-1

[Event "Marshall CC Premier 01-2025"]
[Site "New York"]
[Date "2025.01.04"]
[Round "2.6"]
[White "Stern, Kevin B"]
[Black "Hebbar, Eshaan"]
[Result "1/2-1/2"]
[ECO "A26"]
[WhiteElo "1925"]
[BlackElo "2144"]
[Annotator "TA"]
[PlyCount "126"]
[EventDate "2025.01.03"]
[EventType "swiss"]
[EventCountry "USA"]
[SourceTitle "playchess.com"]
[Source "ChessBase"]
[SourceQuality "1"]
[TimeControl "5400+30"]

1. c4 Nf6 2. Nc3 g6 3. g3 Bg7 4. Bg2 O-O 5. Nf3 d6 6. O-O e5 7. d3 Nc6 8. Rb1 Ne7 9. b4 Ne8 10. Qb3 h6 11. b5 Be6 12. Nd2 Qc8 13. a4 Rb8 14. Ba3 b6 15. Rfc1 f5 16. Nd5 Qd7 17. a5 g5 18. axb6 axb6 19. Bb2 h5 (19... f4 $11) 20. Ra1 g4 21. e3 (21. Nb4 $14) 21... Bxd5 $11 22. cxd5 Ng6 (22... h4 $11 {might be stronger.}) 23. Ra7 Qf7 (23... h4 $11) 24. Ba3 (24. h4 Rd8 $16) (24. Nc4 $14 Qf6 25. h4) 24... Bh6 $2 (24... Rd8 $1 $11) 25. Rc6 $2 (25. Rcxc7 $1 $18 Nxc7 26. Bxd6) 25... f4 (25... Rd8 $5) 26. exf4 exf4 27. Ne4 f3 $2 (27... fxg3 $1 $11 {and Black stays safe.} 28. hxg3 Rd8) 28. Bf1 Ne7 29. Rc3 $2 ({White must play} 29. Rcxc7 $1 $18 Nxc7 30. Rxc7 Qxd5 31. Qc2) 29... Bg7 (29... Qxd5 $11 30. Rc4 Rd8) 30. d4 $1 $16 Bxd4 $2 (30... Nxd5 $2 31. Bc4 Qf5 32. Bxd5+ $18) (30... Kh8 $16) 31. Rd3 $2 (31. Rcxc7 $1 $18 Nxc7 32. Rxc7) 31... Qg7 (31... Qxd5 $2 32. Qxd5+ Nxd5 33. Rxd4 $18) 32. Qc4 Be5 33. Rd1 ({White should play} 33. Bc1 $1 $14) 33... Nf5 (33... h4 $11) 34. Bd3 (34. Bc1 $1 $16) 34... h4 $11 35. Qc1 hxg3 36. hxg3 (36. Nxg3 $11 Nxg3 37. hxg3) 36... Nd4 $15 37. Qg5 $1 Rf5 38. Qxg7+ $1 Bxg7 39. Nc3 Re5 (39... Rh5 $1 $15) 40. Bb2 Re7 41. Kf1 Nb3 42. Bf5 Nf6 43. Be6+ (43. Ra3 $15 Nc5 44. Nb1) 43... Kf8 (43... Kh7 $17 44. Nb1 Kg6) 44. Ba3 (44. Ra4 $11 {keeps the balance.}) 44... Nc5 (44... Rbe8 $1 $17 45. Bc1 Nxc1 46. Rxc1 Bh6) 45. Bxc5 $11 bxc5 46. Rb1 {[%emt 0:00:24] [#]} Nxd5 ({Black should try} 46... Ne8 $1 $15 47. Ra3 (47. Nd1 c6) 47... Bxc3 48. Rxc3 Nf6) 47. Nxd5 $11 Rxe6 48. Nxc7 $2 {[%emt 0:00:23] [#]} (48. Rxc7 $11 Bd4 49. b6) 48... Re2 $2 (48... Re7 $1 $19 49. b6 Kf7) 49. Re1 $11 Rxe1+ 50. Kxe1 Bc3+ 51. Kf1 $2 (51. Kd1 $11) 51... Bd4 $2 (51... Be5 $19 52. Ke1 d5 53. Nxd5 Rxb5) 52. Ra8 (52. Ne6+ $11 Kg8 53. Nxd4 cxd4 54. Ra4) 52... Rxa8 $17 53. Nxa8 {[%emt 0:00:02] [#]} c4 (53... Ke7 $1 $17 {and ...c4 would now be decisive} 54. b6 Be5) 54. b6 $11 c3 (54... Ke7 $5 55. b7 $8 Ba7 $16) 55. b7 Ba7 56. Ke1 $1 Bb8 57. Kd1 Ke7 58. Nb6 $1 Ke6 59. Kc2 d5 60. Kxc3 Kd6 61. Nc8+ (61. Kd4 $5 Ba7 $8 62. Kd3 $11) 61... Kc6 62. Ne7+ Kxb7 63. Nxd5 Ba7 1/2-1/2

[Event "Marshall CC Premier 01-2025"]
[Site "New York"]
[Date "2025.01.04"]
[Round "2.7"]
[White "Hoffman, Luc"]
[Black "Aravindakshan, Sahana"]
[Result "1-0"]
[ECO "B40"]
[WhiteElo "2131"]
[BlackElo "1993"]
[Annotator "TA"]
[PlyCount "55"]
[EventDate "2025.01.03"]
[EventType "swiss"]
[EventCountry "USA"]
[SourceTitle "playchess.com"]
[Source "ChessBase"]
[SourceQuality "1"]
[TimeControl "5400+30"]

1. e4 c5 2. Nf3 e6 3. b3 a6 4. Bb2 Nc6 5. c4 Qc7 6. g3 Nf6 7. Qe2 b5 8. Na3 b4 9. Nc2 Bb7 10. Bg2 Be7 11. d4 cxd4 12. Ncxd4 O-O 13. O-O Nxd4 14. Nxd4 Bc5 15. Rfd1 d5 $2 (15... e5 $11 {and Black is okay.} 16. Nf5 Rad8) 16. cxd5 $18 exd5 (16... Qb6 17. d6 h6) 17. Nf5 Qb6 18. Rac1 (18. exd5 Rfe8 19. Qd2 Ne4 20. Bxe4 Rxe4 $18) 18... Rac8 19. Qd2 Nxe4 $2 (19... dxe4 {was necessary.} 20. Qg5 Ne8 (20... Bxf2+ $2 21. Kf1 $18) 21. Bxg7 (21. Nxg7 $2 f6 $19) 21... Qg6) 20. Bxe4 dxe4 {[%emt 0:00:10] [#]} 21. Rxc5 $1 Rcd8 (21... h6 22. Qd4) 22. Bd4 (22. Qg5 $142 Rxd1+ 23. Kg2 Qg6 24. Ne7+ (24. Nxg7 $2 {too greedy.} e3+ 25. f3 e2 $19) 24... Kh8 25. Nxg6+ fxg6 26. Qe7 (26. Qe3 Rd3 $18) 26... Rg8 27. Rc7 (27. Qxb7 Rdd8 $18)) 22... e3 23. Nxe3 {[%emt 0:01:27] Rg5 is the strong threat.} (23. Bxe3 Rxd2 24. Rxd2 Qe6 $17) 23... Qe6 24. Qc2 (24. Qxb4 Qe4 25. f3 Qxf3 $15) 24... Rc8 25. Qf5 Qd6 (25... Rcd8 $142 26. Qxe6 fxe6) 26. Qe5 (26. Qg4 $142 Qg6 27. Rg5) 26... Qg6 (26... Qxe5 $142 27. Rxe5 Rfd8) 27. Nf5 {[%emt 0:00:51] Threatening mate with Ne7+.} Rxc5 28. Ne7+ 1-0

[Event "Marshall CC Premier 01-2025"]
[Site "New York"]
[Date "2025.01.04"]
[Round "2.8"]
[White "Schaefer, Sasha Milo"]
[Black "Chin, Spencer"]
[Result "1-0"]
[ECO "B22"]
[WhiteElo "1976"]
[BlackElo "2104"]
[Annotator "TA"]
[PlyCount "119"]
[EventDate "2025.01.03"]
[EventType "swiss"]
[EventCountry "USA"]
[SourceTitle "playchess.com"]
[Source "ChessBase"]
[SourceQuality "1"]
[TimeControl "5400+30"]

1. e4 c5 2. Nf3 e6 3. c3 Nf6 4. e5 Nd5 5. g3 Nc6 6. Bg2 Be7 7. O-O O-O 8. Re1 b6 9. d4 cxd4 10. Nxd4 Bb7 11. Bxd5 exd5 12. Nf5 g6 (12... d6 $1 $11 13. exd6 (13. Qxd5 dxe5 14. Qf3 g6 $11) 13... Bf6 (13... Bxd6 14. Qg4 $14)) 13. Nh6+ $1 $14 Kg7 14. Ng4 (14. Qxd5 Bg5 15. Ng4 Bxc1 16. Rxc1 Qg5 $11) 14... Kg8 15. Bh6 $1 (15. Qxd5 h5 16. Nf6+ Bxf6 17. exf6 d6 $16) 15... Re8 16. Qxd5 (16. b4 {simplifies} d6 17. exd6 Qxd6 18. b5) 16... Qc7 (16... Qc8 $14) 17. Nd2 ({White should try} 17. Qc4 $1 $18) 17... Nb4 $16 18. Qb3 $1 {[%emt 0:04:54] White is much more active.} (18. cxb4 $2 Bxd5 19. Ne4 Bxe4 (19... Bxb4 20. Nef6+ Kh8 21. Nxd5 $17) 20. Rxe4 Qc2 $19) 18... Nd3 19. Re3 Nc5 20. Qc4 Qc6 21. Rf3 Qe6 {[%emt 0:02:26] [#]} 22. Rf6 $1 {[%emt 0:04:11] Some like it hot} Bxf6 (22... Qd5 23. Qxd5) 23. Nxf6+ Kh8 {[%emt 0:00:31][%cal Oe6h3] [#] ...Qh3! would now be deadly.} 24. Nxe8 (24. Qh4 $1 $16 Qc6 (24... Qxe5 $2 25. Bf4 $18) 25. f3 Rxe5 26. Bf4) 24... Rxe8 25. Qxe6 (25. Be3 {seems wilder.} Bd5 26. Qd4 Kg8 27. b4) 25... Rxe6 26. f4 f5 (26... Nd3 $14) 27. Nc4 Ne4 28. Rd1 Bc6 29. Ne3 Kg8 30. Rd4 Kf7 31. g4 fxg4 32. Nxg4 Ke8 33. h4 Ng3 34. Kf2 {[%emt 0:01:33] Prevents Ne2.} Nf5 35. Rd2 d6 36. Bg5 h5 37. Nf6+ Kf7 38. Re2 a5 39. b3 (39. c4 $16) 39... a4 {[%emt 0:01:00] [#]} (39... b5 $14) 40. bxa4 $1 Bxa4 41. Nd5 dxe5 42. fxe5 ({Don't play} 42. Rxe5 Rd6 $14) 42... Bc6 $2 (42... Bd7 $16) 43. Nc7 $18 (43. Nxb6 Bb5 44. c4 Ba6 $11) 43... b5 44. Nxe6 Kxe6 {[%emt 0:00:04][%mdl 4096] Endgame KRB-KBN} 45. Bf6 Bd5 46. Rb2 Bc6 47. Rb3 Kd7 48. Ra3 Bd5 49. Ra6 Bc4 50. a3 Bd5 51. a4 bxa4 52. Rxa4 Kc6 53. Ra7 Kb5 54. Bg5 Kc6 (54... Kb6 $142) 55. Ra6+ Kd7 56. Rxg6 Be6 57. Rf6 Ng7 58. Rh6 {[%emt 0:00:32] Hoping for Rh7.} Ke8 59. Bf6 Nf5 60. Rxh5 1-0

[Event "Marshall CC Premier 01-2025"]
[Site "New York"]
[Date "2025.01.04"]
[Round "2.9"]
[White "Fleischman, Eric"]
[Black "Belenky, Nicholas"]
[Result "0-1"]
[ECO "D01"]
[WhiteElo "2013"]
[BlackElo "1977"]
[Annotator "RC"]
[PlyCount "58"]
[EventDate "2025.01.03"]
[EventType "swiss"]
[EventCountry "USA"]
[SourceTitle "playchess.com"]
[Source "ChessBase"]
[SourceQuality "1"]
[TimeControl "5400+30"]

1. d4 d5 2. Nc3 Nf6 3. Bg5 h6 4. Bxf6 exf6 5. e3 c6 6. Bd3 f5 7. Nf3 Bd6 8. Ne2 Be6 9. Nf4 O-O 10. O-O Nd7 11. Nxe6 fxe6 12. c4 Nf6 13. g3 Ne4 14. c5 Bc7 15. b4 g5 16. Qc2 Qf6 17. a4 a5 18. b5 h5 19. bxc6 bxc6 20. Rab1 Rf7 21. Qb2 Raf8 22. Bxe4 fxe4 23. Nd2 g4 24. Qc2 h4 25. Qd1 Qg5 26. Qe2 Rf3 27. Rb7 hxg3 28. Rxc7 gxf2+ 29. Kg2 Qh4 0-1

[Event "Marshall CC Premier 01-2025"]
[Site "New York"]
[Date "2025.01.04"]
[Round "2.10"]
[White "Muthukumaran, Gurru"]
[Black "Mottola, Max"]
[Result "1/2-1/2"]
[ECO "B11"]
[WhiteElo "1878"]
[BlackElo "2132"]
[Annotator "TA"]
[PlyCount "125"]
[EventDate "2025.01.03"]
[EventType "swiss"]
[EventCountry "USA"]
[SourceTitle "playchess.com"]
[Source "ChessBase"]
[SourceQuality "1"]
[TimeControl "5400+30"]

1. e4 c6 2. Nc3 d5 3. Nf3 dxe4 4. Nxe4 Nf6 5. Qe2 Nxe4 6. Qxe4 Be6 7. c3 g6 (7... Bd5 $11 8. Qf4 Nd7) 8. Qe5 $14 Rg8 9. d4 Bd5 10. Qe2 (10. Qg3 $16) 10... Bxf3 (10... Bg7 $11) 11. Qxf3 Qd5 12. Qh3 Nd7 13. Be2 Nf6 14. O-O Qf5 15. Qg3 O-O-O 16. Bf4 e6 17. Bd3 Qg4 $2 {[%emt 0:05:33][%mdl 8192] [#]} (17... Qh5 $14) 18. Bg5 $1 $18 {[%emt 0:01:07] A strong pair of Bishops.} Bd6 19. Qxg4 Nxg4 20. Bxd8 (20. h3 $142 f6 21. Bd2) 20... Rxd8 21. g3 Nf6 22. Rae1 Nd5 23. a3 Bc7 24. Bc2 Rd7 25. Bb3 Ne7 26. Re2 h5 27. f4 Nf5 28. Kg2 Rd8 29. Bc2 Ne7 30. Be4 Rh8 31. Rd2 Bb6 32. c4 Rd8 (32... h4 $142 33. b4 Bc7) 33. Rfd1 Kb8 34. d5 cxd5 (34... exd5 $16 35. cxd5 cxd5) 35. cxd5 exd5 36. f5 (36. Bxd5 $6 Nf5 $14) 36... d4 (36... Re8 {is a better defense.} 37. Bd3 (37. Bxd5 Nxf5 38. Bxf7 Ne3+ 39. Kh3 Rf8 $18) 37... Be3) 37. fxg6 fxg6 38. Rf2 Rd6 39. Rf7 Re6 40. Kf3 g5 41. Bd3 {[%emt 0:01:15] White has more active pieces.} Nc6 {[%emt 0:01:09] Threatens to win with ...Ne5+.} 42. Rf8+ (42. Kf2 $142) 42... Kc7 $16 43. Bf5 (43. Kf2 $16) 43... Re3+ $14 44. Kg2 Re2+ (44... Ne5 $1 $11 {remains equal.}) 45. Kf3 ({White should play} 45. Kh1 $16) 45... Rxb2 46. Rf7+ Kd6 {[%emt 0:00:35] ( -> ...Ne5+)} 47. Rd7+ $1 (47. Rxb7 $2 Ne5+ 48. Ke4 Re2#) 47... Ke5 48. g4 hxg4+ 49. Kxg4 Rg2+ 50. Kf3 Rxh2 51. Kg4 Re2 {[%emt 0:03:12] Repels Re1} 52. Kxg5 Bd8+ 53. Kg4 Rg2+ (53... Be7 {simplifies} 54. Rxb7 Bxa3 55. Bd7 Re4+) 54. Kf3 Ra2 55. Kg4 Rxa3 56. Rxb7 Kf6 57. Be4 {[%emt 0:00:25][%mdl 1024] White has compensation.} Ne5+ 58. Kf4 Bb6 $2 (58... d3 $11) 59. Rh1 $18 Ng6+ 60. Kg4 Ne5+ 61. Kf4 {[%emt 0:00:24] White wants to mate with Rh6+.} Ng6+ 62. Kg4 $2 ({White must play} 62. Bxg6 $18 Ke6 (62... Kxg6 $2 {is the wrong capture.} 63. Rbh7 $18) 63. Rh5) 62... Ne5+ $11 63. Kf4 1/2-1/2